Map: Blackpink LE

Players

SouLeer

  • Race: Zerg Zerg
  • Spawn Location: 7:00

RAIL - Winner!

  • Race: Protoss Protoss
  • Spawn Location: 1:00

Event: WCS Leipzig 2018

VOD

Have the link to the VOD?

Description

Time

  • Played on: Jan. 26, 2018, 6:28 a.m.
  • Length: 10:12

All games in this series

Show
View Real Time Build Order
Export as new Build Order

SouLeer Zerg 

Build Orders: Hatch First, Lurkers 

Get SALT Encoding   

  12  0:00  Drone  
  13  0:12  Overlord  
  13  0:17  Drone  
  14  0:30  Drone x2  
  14  0:35  Drone  
  17  0:52  Hatchery  
  17  0:55  Drone  
  17  0:59  Drone  
  18  1:09  Extractor  
  17  1:14  Spawning Pool  
  17  1:17  Drone  
  17  1:20  Drone  
  18  1:28  Drone  
  19  1:38  Overlord  
  19  1:50  Drone  
  20  2:00  Zergling x2, Queen  
  23  2:04  Queen  
  23  2:05  Zergling x2  
  26  2:10  Metabolic Boost  
  26  2:11  Drone  
  26  2:15  Drone  
  28  2:22  Drone  
  29  2:29  Drone  
  30  2:40  Hatchery  
  30  2:43  Drone  
  30  2:48  Overlord  
  30  2:53  Pneumatized Carapace  
  30  2:57  Drone  
  31  3:04  Drone x3  
  34  3:08  Drone  
  35  3:16  Drone x2  
  35  3:19  Drone x2  
  39  3:22  Overlord  
  39  3:28  Lair  
  39  3:31  Drone  
  40  3:34  Extractor  
  39  3:42  Drone  
  39  3:43  Drone  
  39  3:44  Roach Warren  
  40  3:51  Overlord  
  40  3:52  Zergling x2  
  40  3:53  Zergling x4  
  40  3:54  Drone  
  44  4:00  Zergling x2  
  45  4:04  Zergling x2  
  45  4:05  Zergling x4  
  48  4:13  Overlord  
  48  4:18  Queen  
  48  4:22  Overlord  
  52  4:24  Roach x3  
  52  4:27  Glial Reconstitution  
  56  4:32  Roach x2  
  56  4:35  Roach  
  62  4:40  Roach  
  62  4:43  Overlord  
  62  4:44  Overseer  
  64  4:46  Overlord  
  64  4:51  Roach  
  66  4:54  Roach  
  66  4:57  Roach  
  70  5:02  Roach  
  70  5:06  Roach  
  74  5:17  Roach  
  74  5:18  Drone x2, Roach  
  74  5:19  Drone x3  
  74  5:20  Drone x2  
  84  5:23  Overlord  
  84  5:26  Zergling x4  
  86  5:30  Drone x2  
  86  5:32  Roach  
  90  5:36  Overlord x2  
  90  5:39  Extractor  
  90  5:41  Overlord  
  89  5:49  Hydralisk Den  
  88  5:51  Drone x4  
  91  5:57  Drone x2, Evolution Chamber  
  91  6:00  Drone x2  
  94  6:04  Drone x2  
  94  6:05  Drone  
  94  6:08  Drone x2  
  94  6:09  Drone  
  100  6:16  Extractor  
  100  6:17  Drone x2, Extractor  
  100  6:19  Muscular Augments  
  100  6:20  Hydralisk  
  100  6:24  Hydralisk  
  104  6:27  Hydralisk  
  104  6:31  Hydralisk  
  108  6:43  Zerg Missile Weapons Level 1  
  108  6:46  Drone x3  
  111  6:47  Drone x3  
  111  6:48  Extractor  
  111  6:49  Overlord x3  
  111  6:52  Overlord  
  113  7:03  Overlord  
  113  7:04  Lurker Den  
  113  7:06  Hydralisk x2  
  113  7:07  Hydralisk  
  117  7:10  Hydralisk  
  119  7:16  Drone x3  
  119  7:18  Drone  
  123  7:29  Overlord  
  123  7:31  Hydralisk x3  
  123  7:32  Hatchery  
  123  7:35  Roach  
  130  7:38  Roach x2  
  130  7:41  Roach x2  
  130  7:43  Overlord  
  138  7:44  Overseer  
  138  7:49  Roach x2  
  142  7:53  Overlord  
  142  7:54  Hydralisk  
  142  7:56  Hydralisk  
  146  7:58  Hydralisk  
  146  8:02  Overlord  
  148  8:09  Roach x4  
  156  8:13  Roach x3  
  159  8:30  Lurker  
  159  8:31  Lurker x5  
  165  8:35  Drone x3  
  165  8:36  Drone x2, Zergling x2  
  165  8:37  Zergling x16  
  165  8:41  Overlord  
  179  8:43  Lurker  
  179  8:45  Zergling x4  
  182  8:51  Zergling x8  
  182  8:53  Extractor  
  185  8:57  Roach x3  
  185  9:00  Roach x2  
  193  9:04  Hydralisk x2  
  193  9:07  Zergling x4  
  193  9:08  Zergling x2  
  199  9:12  Overlord  
  195  9:17  Overlord  
  195  9:18  Hydralisk x3  
  195  9:22  Overlord  
  195  9:24  Overlord  
  195  9:34  Overlord  
  195  9:35  Hydralisk  
  195  9:36  Hydralisk x3  
  195  9:38  Zergling x4  
  196  9:40  Hydralisk  
  196  9:41  Hydralisk  
  196  9:45  Hydralisk x2  
Show
View Real Time Build Order
Export as new Build Order

RAIL Protoss - Winner!

Build Orders: 1 Gate Expand, Archon Immortal, Zealot Archon 

Get SALT Encoding   

  12  0:00  Probe  
  13  0:13  Probe  
  14  0:19  Pylon  
  14  0:25  Probe (Chrono Boost)  
  15  0:38  Probe (Chrono Boost)  
  15  0:39  Gateway  
  16  0:46  Probe (Chrono Boost)  
  16  0:47  Assimilator  
  17  0:52  Probe  
  18  1:04  Probe  
  19  1:21  Nexus  
  19  1:30  Cybernetics Core  
  19  1:33  Probe (Chrono Boost)  
  20  1:41  Assimilator  
  20  1:43  Probe (Chrono Boost)  
  21  1:48  Probe (Chrono Boost), Pylon  
  22  1:59  Probe (Chrono Boost)  
  23  2:08  Stalker  
  25  2:10  Probe (Chrono Boost)  
  25  2:11  Warp Gate  
  25  2:15  Probe (Chrono Boost)  
  27  2:28  Probe (Chrono Boost)  
  28  2:32  Robotics Facility  
  28  2:33  Probe (Chrono Boost)  
  29  2:43  Probe x2 (Chrono Boost), Stalker  
  33  2:49  Shield Battery  
  33  2:51  Probe  
  33  2:55  Probe  
  35  3:03  Probe  
  36  3:07  Probe (Chrono Boost), Gateway  
  36  3:12  Pylon  
  37  3:13  Sentry  
  37  3:19  Pylon  
  40  3:21  Probe (Chrono Boost)  
  40  3:22  Observer, Probe (Chrono Boost)  
  42  3:27  Probe (Chrono Boost)  
  42  3:29  Probe (Chrono Boost)  
  42  3:30  Pylon  
  44  3:36  Probe (Chrono Boost)  
  44  3:39  Sentry  
  48  3:43  Assimilator  
  48  3:44  Probe (Chrono Boost)  
  48  3:45  Assimilator  
  48  3:52  Probe (Chrono Boost)  
  48  3:54  Probe (Chrono Boost)  
  50  3:57  Probe (Chrono Boost)  
  50  3:58  Twilight Council  
  50  4:00  Forge  
  51  4:09  Probe x2 (Chrono Boost)  
  53  4:11  Gateway  
  53  4:14  Gateway  
  53  4:16  Probe (Chrono Boost)  
  55  4:18  Probe (Chrono Boost)  
  55  4:20  Gateway  
  55  4:23  Probe  
  55  4:28  Probe  
  55  4:29  Gateway  
  57  4:33  Protoss Ground Weapons Level 1  
  57  4:34  Charge  
  57  4:39  Templar Archives  
  57  4:40  Probe  
  57  4:45  Immortal (Chrono Boost)  
  58  4:51  Pylon  
  62  4:54  Probe  
  62  4:55  Probe  
  64  5:05  Pylon  
  64  5:14  Zealot  
  64  5:15  Zealot  
  64  5:17  Immortal  
  64  5:20  Zealot  
  74  5:28  Nexus  
  74  5:29  High Templar  
  74  5:30  High Templar  
  74  5:32  Pylon  
  74  5:33  Archon  
  78  5:37  Zealot  
  78  5:41  Pylon  
  80  5:51  Pylon  
  80  5:54  Zealot  
  80  5:55  Zealot  
  80  5:56  Immortal  
  88  6:00  High Templar  
  88  6:01  High Templar  
  88  6:02  Shield Battery  
  94  6:06  Zealot x2, Archon  
  96  6:11  Photon Cannon  
  96  6:12  Probe  
  96  6:14  Probe  
  98  6:27  Probe  
  98  6:29  High Templar x2  
  98  6:32  Zealot, Warp Prism (Chrono Boost)  
  103  6:33  Pylon  
  103  6:34  Archon  
  103  6:36  Zealot  
  103  6:38  Protoss Ground Weapons Level 2 (Chrono Boost)  
  109  6:40  Probe x2  
  109  6:41  Probe  
  109  6:46  Psionic Storm  
  112  6:51  Pylon  
  112  6:53  Probe x3 (Chrono Boost)  
  115  7:02  Assimilator  
  115  7:03  Probe x3 (Chrono Boost), Assimilator  
  115  7:07  Probe x2 (Chrono Boost)  
  115  7:08  Probe (Chrono Boost)  
  118  7:13  Pylon  
  118  7:15  High Templar  
  123  7:16  Gateway  
  123  7:19  Probe  
  123  7:22  Gateway  
  124  7:23  Probe  
  124  7:28  Robotics Facility  
  125  7:32  Zealot  
  125  7:33  Pylon  
  125  7:34  Pylon  
  125  7:36  High Templar, Zealot  
  131  7:45  High Templar, Zealot  
  131  7:49  Pylon  
  131  7:51  Pylon  
  135  7:53  Pylon  
  135  7:54  High Templar, Zealot  
  139  7:59  Zealot  
  139  8:01  Immortal  
  145  8:15  Immortal  
  149  8:26  Nexus, Zealot, High Templar  
  149  8:27  Zealot x3, Pylon  
  153  8:30  High Templar  
  153  8:31  Zealot x2  
  163  8:36  Archon  
  163  8:40  Observer  
  164  8:48  High Templar x2, Zealot  
  164  8:49  Zealot  
  164  8:52  Zealot x2, Archon  
  180  8:59  Zealot  
  180  9:01  Immortal (Chrono Boost)  
  180  9:02  Immortal (Chrono Boost)  
  180  9:05  Zealot  
  180  9:09  Zealot x2  
  186  9:13  Zealot  
  186  9:14  Zealot  
  188  9:20  Zealot  
  188  9:21  Zealot  
  186  9:27  Zealot x2  
  186  9:29  Zealot  
  192  9:33  Observer (Chrono Boost)  
  192  9:34  Immortal (Chrono Boost)  
  193  9:42  High Templar x2, Zealot x2  
  197  9:46  Archon  
  197  9:47  Zealot  
  197  9:51  Photon Cannon  
  199  9:53  Photon Cannon  
  199  9:57  Archon x2  
  185  10:04  Zealot x5  
Tags
 
Add a new tag
Caveats
  • Supply blocks, unpowered buildings, or Contaminate may cause inaccurate times.
  • Supply counts are checked every 10 seconds.